badnik, neutral male gnomish Archeologist ----------------- ---------................--------- -------....... `......................------- ------.>..............................).%.........------ ----......................................................---- ---.....[.........................`.....%...a................).--- -.............................%.............a@................"..- -..............*................<.............aa..%.............+....- |..............................................%..................(......| |..=.....................................................................| |................%................................/......................| ---............./..........................[...........................--- ---................................................................--- ---.............................................?..............--- ----......................................................---- ------............................................------ -------................................------- ---------..........%.....--------- ----------------- badnik the Digger Experience level: 1 Strength: 15 Dexterity: 8 Constitution: 13 Intelligence: 13 Wisdom: 18 Charisma: 11 Health: 0(12) Energy: 3(3) Def: 0 Gold: 28 Moves: 241 Dungeon seed: 58pZjqqgNhZrKgKM Game ID: badnik_1498645550 Your Inventory: Coins $ - 28 gold pieces Weapons a - a +2 bullwhip Armor n - an uncursed +0 fedora (being worn) Comestibles b - 4 uncursed food rations Tools c - a +0 pick-axe (weapon in hand) d - a tinning kit (0:50) f - an uncursed sack g - an uncursed oil lamp (0:1026) Gems q - an uncursed touchstone Spells and supernatural/magical abilities: Name Level Category Fail Memory W - pray for help -- divine ? -- Your skills at the end: Fighting Skills Weapon Skills pick-axe [Basic] whip [Basic] Spellcasting Skills Final Attributes: You were fervently aligned. You had infravision. You were stealthy. You were fast. You are dead. Voluntary challenges: You went without food. You were an atheist. You never hit with a wielded weapon. You were a pacifist. You were illiterate. You never genocided any monsters. You never polymorphed an object. You never changed form. You used no wishes. You never split a pudding. You never wrote Elbereth's name. You never violated your personal moral code. Dungeon overview: The Dungeons of Doom: levels 1 to 10 Level 1 a long staircase Level 2 Level 3 Level 4 Level 5 Level 6 a long staircase Level 7 Level 8 Level 9 Level 10 <- You were here History has recorded: On T:1 you entered the Dungeons of Doom to retrieve the Amulet of Yendor! On T:27 you reached level 2 of The Dungeons of Doom. On T:62 you reached level 3 of The Dungeons of Doom. On T:85 you reached level 4 of The Dungeons of Doom. On T:125 you reached level 5 of The Dungeons of Doom. On T:146 you reached level 6 of The Dungeons of Doom. On T:166 you reached level 7 of The Dungeons of Doom. On T:196 you reached level 8 of The Dungeons of Doom. On T:218 you reached level 9 of The Dungeons of Doom. On T:238 you reached level 10 of The Dungeons of Doom. Score breakdown: Gold: 28 ( 4974 points) Experience: 1 level ( 0 points) Exploration: 10 levels ( 19.61%) (12727 points) Discoveries: 0 items ( 0.00%) ( 0 points) Valuables value: (no points given unless you survive) Artifact value: 0 ( 0 points) Variety of kills: 0 monsters ( 0.00%) ( 0 points) Turncount: 241 turns ( 0 points) Survival: died (score multiplied by 80%) Total score: 14160 Latest messages: You continue digging downward. (3x) You dig a pit in the floor. You continue digging downward. (5x) You are still in a pit. You continue digging downward. (10x) You dig a hole through the floor. You fall through... You start digging downward. You continue digging downward. A killer bee blocks your way. (3x) Where do you want to travel to? A killer bee blocks your way. You continue digging downward. The killer bee stings! You continue digging downward. You dig a pit in the floor. The killer bee stings! (2x) The giant ant bites! The killer bee stings! (2x) You die... The sack is empty. The sack is empty. Final status: Goodbye badnik the Archeologist, killed by a killer bee... You died in The Dungeons of Doom on dungeon level 10 with 14160 points, and 28 pieces of gold, after 241 moves. You were level 1 with a maximum of 12 hit points when you died.